 Dungeon Crawl Stone Soup version 0.30-a0-141-g30f27751c5 (webtiles) character file.

Game seed: 154053612990513016

72 qw the Chopper (level 4, -1/28 HPs)
             Began as a Gargoyle Fighter on Sept 25, 2022.
             Slain by an orc wizard
             ... wielding a +0 dagger
              (3 damage)
             ... on level 3 of the Dungeon.
             The game lasted 00:00:42 (1627 turns).

qw the Chopper (Gargoyle Fighter)                   Turns: 1627, Time: 00:00:42

Health: -1/28      AC: 16    Str: 21    XL:     4   Next: 25%
Magic:  4/4        EV:  6    Int:  9    God:
Gold:   80         SH:  0    Dex:  9    Spells: 3/3 levels left

rFire   . . .      SeeInvis .    Y - +0 war axe
rCold   . . .      Faith    .    c - +0 buckler
rNeg    + . .      Spirit   .    b - +0 scale mail
rPois   inf        Reflect  .    (no helmet)
rElec   +          Harm     .    e - +0 cloak
rCorr   .          Rampage  .    m - +0 pair of gloves
Will    .....                    (no boots)
Stlth   ..........               (no amulet)
HPRegen 0.09/turn                g - +4 ring of protection
MPRegen 0.09/turn                (no ring)

@: confused, constricted
A: sickness immunity, AC +3, negative energy resistance 1, electricity
resistance, torment resistance 1, petrification resistance
a: no special abilities


You were on level 3 of the Dungeon.
You visited 1 branch of the dungeon, and saw 3 of its levels.

You collected 80 gold pieces.


Innate Abilities, Weirdness & Mutations

You are immune to sickness and miasma.
Your stone body is resilient. (AC +3)
You are immune to poison.
You resist negative energy. (rN+)
You are resistant to electric shocks. (rElec)
You are resistant to unholy torment.
You are immune to petrification.


   Skills:
 - Level 3.2 Fighting
 + Level 4.0 Axes
 - Level 3.2 Armour
 - Level 3.2 Shields


You had 3 spell levels left.
You didn't know any spells.
Your spell library was empty.

Inventory:

Hand Weapons
 f - a +2 mace of holy wrath
 Y - a +0 war axe (weapon)
Missiles
 i - 4 silver boomerangs (quivered)
 n - 2 boomerangs
Armour
 b - a +0 scale mail (worn)
 c - a +0 buckler (worn)
 e - a +0 cloak (worn)
 h - a +0 chain mail
 m - a +0 pair of gloves (worn)
Jewellery
 g - a +4 ring of protection (left hand)
 o - a ring of ice
Scrolls
 a - a scroll of identify
Potions
 d - 2 potions of might
 k - a potion of brilliance {unknown}
 l - a potion of flight {unknown}

Dungeon Overview and Level Annotations

Branches:
Dungeon (3/15)

Altars:


Message History

You closely miss something. The orc closely misses you.
Something hits you but does no damage.
You hear some strange, mumbled words.
You are confused.
The ball python completely misses you. The ball python constricts you.
The orc hits you but does no damage. Something hits you. x2
1623 ||| DRINKING potion of curing.
You feel better.
1623 ||| (to cure confusion)
The ball python bites you but does no damage.
The ball python constricts you. The orc barely misses you.
You hear some strange, mumbled words.
A magic dart appears from out of thin air!
The magic dart hits you but does no damage.
Something hits you but does no damage.
The ball python bites you but does no damage.
The ball python constricts you.
You closely miss the ball python. You barely miss something. x2
The ball python bites you but does no damage.
The ball python constricts you. The orc hits you but does no damage.
You hear some strange, mumbled words.
You are confused.
Something completely misses you.
You closely miss the ball python. You barely miss something.
You miss something.
The ball python bites you but does no damage.
The ball python constricts you.
The orc hits you from afar with a +0 trident of protection.
Something hits you but does no damage. x2; The ball python bites you.
The ball python constricts you.
You miss the ball python. You completely miss something.
You closely miss something.
The orc hits you from afar with a +0 trident of protection.
Something hits you but does no damage. x2
The ball python bites you but does no damage.
The ball python constricts you. Something hits you but does no damage.
The orc barely misses you. Something hits you but does no damage.
You barely miss something. You barely miss the ball python.
You barely miss something. The ball python barely misses you.
The ball python constricts you. The orc completely misses you.
Something hits you.
You die...

..####...##
..........#
..........##
...........#
...........#
...........#
.....o{)...# #####.#
......{@...## .......
......S.....# .......
............# .......
...........)###.......
..........#)..#.......
########...##.#.......
#...##.........
#...###........
#...###........


You could see an orc and a ball python.

Vanquished Creatures
  2 adders (D:3)
  3 orcs (D:3)
  4 ball pythons
  7 bats
  4 endoplasms
  4 goblins
  4 hobgoblins
  3 jackals (D:2)
  2 quokkas
  6 frilled lizards
  3 kobolds
  6 rats (D:1)
48 creatures vanquished.

Notes
Turn   | Place    | Note
-------+----------+-------------------------------------------
     0 | D:1      | qw the Gargoyle Fighter began the quest for the Orb.
     0 | D:1      | Reached XP level 1. HP: 14/14 MP: 1/1
     0 | D:1      | 0 ||| qw: Version: 0.2-a-10-g399e6c4
     0 | D:1      | 0 ||| qw: Game counter: 205
     0 | D:1      | 0 ||| qw: Always use a shield: true
     0 | D:1      | 0 ||| qw: God list: Okawaru
     0 | D:1      | 0 ||| qw: Allow faded altars: false
     0 | D:1      | 0 ||| qw: Do Orc after D:15 true
     0 | D:1      | 0 ||| qw: Do second Lair branch before Depths: true
     0 | D:1      | 0 ||| qw: Lair rune preference: random
     0 | D:1      | 0 ||| qw: Plans: Normal, Zot:1-4, God:TSO, Crypt, Tomb,
                  | Pan, Slime:5, Hells, Abyss, Orb
     0 | D:1      | 0 ||| PLANNING D:1-11
    24 | D:1      | Reached skill level 2 in Axes
    58 | D:1      | 58 ||| Stepping ~*~*~tactically~*~*~ (stealth).
   146 | D:1      | 146 ||| DROPPING +0 club.
   224 | D:1      | Reached XP level 2. HP: 19/19 MP: 2/2
   428 | D:1      | Found a faded altar of an unknown god.
   632 | D:1      | Reached skill level 3 in Axes
   962 | D:1      | 962 ||| UPGRADING to +4 ring of protection.
   963 | D:1      | 963 ||| READING scroll labelled PUPEZU BEWYWK.
   964 | D:1      | 964 ||| READING scroll labelled EGEVAI ZASKI.
  1025 | D:2      | Reached XP level 3. HP: 23/23 MP: 3/3
  1423 | D:2      | 1423 ||| UPGRADING to +0 cloak.
  1428 | D:2      | 1428 ||| UPGRADING to +0 pair of gloves.
  1433 | D:2      | 1433 ||| READING scroll labelled QEKLOF IQUWN.
  1434 | D:2      | 1434 ||| READING 2 scrolls labelled INYURU YNILUPS.
  1435 | D:2      | 1435 ||| DRINKING 2 ruby potions.
  1436 | D:2      | 1436 ||| DROPPING scroll of fog.
  1451 | D:3      | 1451 ||| PLANNING SEWER
  1528 | D:3      | 1528 ||| Stepping ~*~*~tactically~*~*~ (stealth).
  1538 | D:3      | Reached XP level 4. HP: 28/28 MP: 4/4
  1615 | D:3      | Reached skill level 4 in Axes
  1622 | D:3      | HP: 7/28 [something (1)]
  1623 | D:3      | 1623 ||| DRINKING potion of curing.
  1623 | D:3      | 1623 ||| (to cure confusion)
  1626 | D:3      | HP: 3/28 [orc/+0 trident of protection (6)]
  1627 | D:3      | Slain by an orc wizard

Levels and vault maps discovered:
D:1:      dpeg_arrival_oval, layout_loops_ring,
          hellmonk_ecumenical_altar_crossroads
D:2:      layout_rooms
D:3:      layout_basic, portal_sewer_entry_c, uniq_natasha

Skill      XL: |  1  2  3  4 |
---------------+-------------+-----
Axes           | 2 3 4 |  4.0
Fighting       | |  3.2
Armour         | |  3.2
Shields        | |  3.2

Action                   |  1- 3 |  4- 6 || total
-------------------------+-------+-------++-------
Melee: War axe           |   112 |    26 ||   138
Throw: Boomerang         |    26 |     3 ||    29
  Use: Scroll            |     4 |       ||     4
       Potion            |     1 |     1 ||     2
Armor: Scale mail        |    63 |    48 ||   111
Dodge: Dodged            |    59 |    22 ||    81
Block: Buckler           |    19 |     7 ||    26

Table legend:
 A = Non-vault XP
 B = Vault XP
 C = Vault XP percentage of total XP
 D = Non-vault monster count
 E = Vault monster count
 F = Vault count percentage of total count
                 A         B        C        D         E       F
            +---------+---------+-------+---------+---------+-------
      Total |     103 |       0 |   0.0 |      48 |       0 |   0.0
            +---------+---------+-------+---------+---------+-------
        D:1 |      33 |       0 |   0.0 |      23 |       0 |   0.0
        D:2 |      24 |       0 |   0.0 |      13 |       0 |   0.0
        D:3 |      46 |       0 |   0.0 |      12 |       0 |   0.0
            +---------+---------+-------+---------+---------+-------
